 Dungeon Crawl Stone Soup version 0.31-a0-977-gc230f8ef24 (webtiles) character file.

Game seed: 211243010886392846

2251 Arzdou the Fighter (level 9, -10/90 HPs)
             Began as a Gargoyle Monk on Oct 29, 2023.
             Was a Believer of Okawaru.
             Killed from afar by Maurice (14 damage)
             ... with a bolt of dispelling energy
             ... on level 8 of the Dungeon.
             The game lasted 00:09:05 (5882 turns).

Arzdou the Fighter (Gargoyle Monk)                  Turns: 5882, Time: 00:09:06

Health: -10/90     AC: 24    Str: 19    XL:     9   Next: 37%
Magic:  13/13      EV:  2    Int: 11    God:    Okawaru [**....]
Gold:   0          SH:  7    Dex: 12    Spells: 8/8 levels left

rFire   . . .        a - +0 mace
rCold   . . .        M - +0 kite shield
rNeg    + . .        r - melded +0 ring mail
rPois   ∞            L - melded +0 helmet
rElec   .            (cloak currently unavailable)
rCorr   .            s - melded +1 pair of gloves
SInv    .            t - melded +0 pair of boots
Will    +....        j - amulet of regeneration
Stlth   +            m - ring of willpower
HPRegen 1.15/turn    (no ring)
MPRegen 0.13/turn

%: no passive effects
@: tree-form (expiring)
A: stationary, stasis, torment immunity, boosted hp, sickness immunity, AC +6,
negative energy resistance 1, (electricity resistance), torment resistance 1,
petrification resistance
a: Renounce Religion, Heroism


You were on level 8 of the Dungeon.
You worshipped Okawaru.
Okawaru was pleased with you.
You were a tree.
You visited 2 branches of the dungeon, and saw 9 of its levels.
You also visited: Ossuary.

Inventory:

Hand Weapons
 a - a +0 mace (weapon)
Armour
 r - a +0 ring mail (melded)
 s - a +1 pair of gloves (melded)
 t - a +0 pair of boots (melded)
 L - a +0 helmet (melded)
 M - a +0 kite shield (worn)
Magical Staves
 D - a staff of earth
Jewellery
 j - an amulet of regeneration (around neck)
 m - a ring of willpower (left branch)
Wands
 E - a wand of charming (8)
 I - a wand of iceblast (11)
 N - a wand of quicksilver (9)
Scrolls
 b - a scroll of immolation
 g - a scroll of silence
 i - 2 scrolls of poison
 k - 4 scrolls of amnesia
 n - 2 scrolls of vulnerability
 v - a scroll of torment {unknown}
 w - 3 scrolls of teleportation
 x - 2 scrolls of noise {unknown}
 y - 2 scrolls of enchant armour {unknown}
 C - 2 scrolls of fear {unknown}
 G - a scroll of blinking {unknown}
 H - a scroll of fog {unknown}
 K - a scroll of acquirement {unknown}
 O - a scroll of identify
Potions
 c - 2 potions of berserk rage {unknown}
 e - 5 potions of enlightenment {unknown}
 f - 2 potions of curing {unknown}
 h - 2 potions of degeneration {unknown}
 l - 3 potions of lignification
 o - 4 potions of cancellation
 p - 2 potions of invisibility {unknown}
 q - 3 potions of haste {unknown}
 u - 2 potions of attraction {unknown}
 z - 3 potions of heal wounds {unknown}
 A - 2 potions of resistance {unknown}
 B - a potion of brilliance {unknown}
 J - a potion of magic {unknown}


   Skills:
 - Level 9.2 Fighting
 - Level 8.4 Maces & Flails
 - Level 2.4 Dodging
 + Level 5.4 Invocations


You had 8 spell levels left.
You didn't know any spells.
Your spell library contained the following spells:

 Spells                   Type           Power      Damage    Failure   Level
 Kiss of Death            Conj/Necr      0%         2d5       71%         1
 Necrotise                Necr           0%         1d4       71%         1
 Confusing Touch          Hex            0%         N/A       97%         3
 Inner Flame              Hex/Fire       0%         N/A       97%         3
 Vampiric Draining        Necr           0%         2d6       97%         3
 Cause Fear               Hex            0%         N/A       100%        4
 Dispel Undead            Necr           0%         3d6       100%        4
 Flame Wave               Conj/Fire      0%         2d4       100%        4
 Sticky Flame             Conj/Fire      0%         2d3       100%        4
 Agony                    Necr           0%         N/A       100%        5
 Fireball                 Conj/Fire      0%         3d3       100%        5
 Dragon's Call            Summ           Unusable   N/A       N/A         9

Dungeon Overview and Level Annotations

Branches:
Dungeon (8/15)             Temple (1/1) D:6         Ossuary (visited)
   Lair: D:8-11

Altars:
Ashenzari
Cheibriados
Dithmenos
Fedhas
Gozag
Hepliaklqana
Kikubaaqudgha
Makhleb
Nemelex Xobeh
Okawaru
Vehumet
Wu Jian
Yredelemnul
Lugonu

Shops:
D:1 [

Annotations:
D:8 Maurice


Innate Abilities, Weirdness & Mutations

You are a tree.
Your roots penetrate the ground, keeping you stationary.
You cannot be teleported.
You are immune to unholy pain and torment.
Your maximum health is greatly increased.
Your equipment is partially melded.
You are immune to sickness and miasma.
((Your stone body is resilient. (AC +6)))
You are immune to poison.
You resist negative energy. (rN+)
((You are resistant to electric shocks. (rElec)))
You are resistant to unholy torment.
You are immune to petrification.


Message History

The bolt of dispelling energy hits you but does no damage.
Something drops a +0 hand axe.
Something picks up a +0 mace.
You barely miss something. Something hits you but does no damage.
You sock something! Something hits you.
Something steals your amulet of the acrobat!
You barely miss something. Something hits you!
Something steals your orb of light!
You closely miss something. You block something's attack.
You miss something. Something hits you!
Something steals 204 gold pieces!
You now have 247 gold pieces.
You closely miss something.
You hear a zap.
A bolt of dispelling energy appears from out of thin air!
The bolt of dispelling energy hits you!
* * * LOW HITPOINT WARNING * * *
You barely miss something. Something hits you but does no damage.
You hit something. Something hits you!
* * * LOW HITPOINT WARNING * * *
Something steals 247 gold pieces!
You now have 0 gold pieces.
You hear a zap.
A bolt of dispelling energy appears from out of thin air!
The bolt of dispelling energy hits you!
* * * LOW HITPOINT WARNING * * *
Okay, then.
Okay, then.
It was a potion of cancellation.
You feel magically purged.
You hear a zap.
A bolt of dispelling energy appears from out of thin air!
The bolt of dispelling energy hits you.
* * * LOW HITPOINT WARNING * * *
It was a potion of lignification.
You turn into a tree.
Your +0 helmet melds into your body.
Your +1 pair of gloves melds into your body.
Your +0 pair of boots melds into your body.
Your +0 ring mail melds into your body.
Your roots penetrate the ground.
You hear a zap.
A bolt of dispelling energy appears from out of thin air!
The bolt of dispelling energy hits you!
Your magical effects are unravelling.
You die...

..## ....8# ....#
...8# #>## #######
##########.....#
.......<.......#
#########♣>....#
........){........
#####....#.....###
o....##########
...... ..... .....
#... #...


There were no monsters in sight!

Vanquished Creatures
  3 ice beasts
  3 ogres
  2 centaurs (D:5)
  A phantom (D:5)
  2 bullfrogs
  6 scorpions
  3 killer bees (D:8)
  A howler monkey (D:6)
  2 hounds
  2 jellies
  2 orc priests
  2 gnoll boudas (D:7)
  Jessica (D:3)
  4 orc wizards
  A sleepcap (D:6)
  14 mummies (Ossuary)
  13 gnolls
  3 adders
  2 ufetubi (D:7)
  4 worms
  2 dart slugs
  16 orcs
  4 ball pythons
  4 bats
  9 endoplasms
  3 giant cockroaches
  8 goblins
  A hobgoblin (D:4)
  2 jackals (D:2)
  4 kobolds
  4 quokkas
  A frilled lizard (D:1)
  2 gnoll skeletons (Ossuary)
  A goblin skeleton (Ossuary)
  4 kobold skeletons (Ossuary)
  An orc skeleton (Ossuary)
  3 rats
  11 rat skeletons (Ossuary)
151 creatures vanquished.

Vanquished Creatures (others)
  An orc (D:8)
1 creature vanquished.

Grand Total: 152 creatures vanquished

Notes
Turn   | Place    | Note
-------+----------+-------------------------------------------
     0 | D:1      | Arzdou the Gargoyle Monk began the quest for the Orb.
     0 | D:1      | Reached XP level 1. HP: 14/14 MP: 1/1
    97 | D:1      | Reached XP level 2. HP: 19/19 MP: 2/2
   166 | D:1      | Found Wanozom's Antique Armour Boutique.
   750 | D:2      | Reached XP level 3. HP: 15/24 MP: 3/3
   752 | D:2      | Reached skill level 4 in Fighting
  1198 | D:3      | You fall into a shaft and drop 2 floors!
  1198 | D:5      | Entered Level 5 of the Dungeon
  1218 | D:5      | Found a shadowy altar of Dithmenos.
  1241 | D:5      | Identified the amulet of the Sun {Spirit Rampage}
  1251 | D:5      | Noticed a phantom
  1255 | D:5      | Reached XP level 4. HP: 30/30 MP: 4/4
  1268 | D:5      | Killed a phantom
  1269 | D:5      | Reached skill level 5 in Fighting
  1269 | D:5      | Reached XP level 5. HP: 35/35 MP: 5/5
  1310 | D:5      | Noticed an ice beast
  1321 | D:5      | Killed an ice beast
  1322 | D:5      | Reached skill level 5 in Maces & Flails
  1322 | D:5      | Reached XP level 6. HP: 41/41 MP: 6/6
  1364 | D:5      | Reached skill level 6 in Fighting
  1427 | D:5      | Reached XP level 7. HP: 40/47 MP: 7/7
  1435 | D:5      | Found a sand-covered staircase.
  1441 | Ossuary  | Entered an ossuary
  1825 | Ossuary  | Reached skill level 7 in Fighting
  2765 | D:4      | Reached XP level 8. HP: 53/53 MP: 8/8
  2876 | D:4      | Found a broken altar of Ashenzari.
  2936 | D:4      | Found a radiant altar of Vehumet.
  3083 | D:3      | Found a basalt altar of Yredelemnul.
  3569 | D:3      | Reached skill level 8 in Fighting
  3774 | D:3      | Noticed Jessica
  3789 | D:3      | Killed Jessica
  4222 | D:6      | Found a staircase to the Ecumenical Temple.
  4229 | Temple   | Entered the Ecumenical Temple
  4249 | Temple   | Became a worshipper of Warmaster Okawaru
  4249 | Temple   | Reached * piety under Okawaru
  4249 | Temple   | Reached ** piety under Okawaru
  4321 | D:6      | Reached skill level 9 in Fighting
  4486 | D:6      | Reached skill level 1 in Invocations
  4486 | D:6      | Reached XP level 9. HP: 44/60 MP: 9/9
  4588 | D:6      | Found an ancient bone altar of Kikubaaqudgha.
  5608 | D:8      | Reached skill level 5 in Invocations
  5621 | D:8      | Noticed Maurice
  5874 | D:8      | Something stole an amulet of the acrobat
  5875 | D:8      | Something stole an orb of light
  5877 | D:8      | Something stole 204 gold
  5880 | D:8      | Something stole 247 gold
  5881 | D:8      | HP: 2/60 [something/bolt of dispelling energy (4)]
  5882 | D:8      | Killed from afar by Maurice

Illustrated notes

Levels and vault maps discovered:
D:1:      wander_arrival_estate, layout_loops_ring, serial_shops, shop
D:2:      layout_rooms
D:3:      layout_basic, old_standard_altar, due_unseen_surprise, uniq_jessica
D:4:      layout_rooms, mainiacjoe_overflow_catwalk_spiral
D:5:      layout_cave_pods, old_standard_altar, enter_ossuary_2
D:6:      layout_basic, mainiacjoe_overflow_alcove_1,
          minmay_temple_entry_drinking_statues
D:7:      layout_cave_pools
D:8:      layout_rooms, nicolae_overflow_hidden_temple, lair_entry_dummy,
          uniq_maurice
Temple:   corrupted_temple

Skill      XL: |  1  2  3  4  5  6  7  8  9 |
---------------+----------------------------+-----
Fighting       | 4 5 6 7 9 |  9.2
Maces & Flails | 4 5 6 8 |  8.4
Invocations    | 1 5 |  5.4
Dodging        | |  2.4

Action                     |  1- 3 |  4- 6 |  7- 9 || total
---------------------------+-------+-------+-------++-------
  Melee: Mace              |    71 |    54 |   562 ||   687
 Invoke: Heroism           |       |       |     1 ||     1
    Use: Scroll            |       |       |     6 ||     6
         Potion            |       |       |     3 ||     3
 Armour: Robe              |    24 |       |       ||    24
         Ring mail         |    12 |    58 |   464 ||   534
         Skin              |       |       |     1 ||     1
  Dodge: Dodged            |    35 |    45 |   335 ||   415
  Block: Kite shield       |       |       |    78 ||    78

Table legend: (Time is in decaauts)
 A = Elapsed time spent in this place.
 B = Non-inter-level travel time spent in this place.
 C = Inter-level travel time spent in this place.
 D = Time resting spent in this place.
 E = Time spent auto-exploring this place.
 F = Levels seen in this place.
 G = Mean time per level.
                   A        B        C        D        E       F      G
               +--------+--------+--------+--------+--------+-----+--------+
         Total |   5947 |   5518 |    429 |    299 |   3782 |  10 |  594.7 |
       Dungeon |   5386 |   4970 |    416 |    299 |   3510 |   8 |  673.2 |
        Temple |     35 |     22 |     13 |      0 |      0 |   1 |   35.0 |
       Ossuary |    526 |    526 |      0 |      0 |    272 |   1 |  526.0 |
               +--------+--------+--------+--------+--------+-----+--------+

Top non-repeatable levels by time:
     D:5: 924 daAuts
     D:6: 863 daAuts
     D:3: 863 daAuts
     D:7: 789 daAuts
     D:1: 716 daAuts
     D:4: 639 daAuts
 Ossuary: 526 daAuts
     D:2: 508 daAuts
     D:8: 81 daAuts
  Temple: 35 daAuts
